 Dungeon Crawl Stone Soup version 0.16.2-12-gd0ad4c3 (webtiles) character file.

154387 faibistes the Eclecticist (level 17, 0/102 HPs)
             Began as a Deep Elf Wizard on Feb 7, 2018.
             Was the Champion of Sif Muna.
             Drowned by a water elemental (7 damage)
             ... on level 4 of the Shoals on Feb 9, 2018.
             The game lasted 03:22:48 (62919 turns).

faibistes the Eclecticist (Deep Elf Wizard)        Turns: 62919, Time: 03:22:49

Health: 0/102      AC: 10    Str:  4    XL:     17   Next: 6%
Magic:  39/50      EV: 17    Int: 33    God:    Sif Muna [******]
Gold:   177        SH:  0    Dex: 13    Spells: 15 memorised, 2 levels left

rFire  + . .     SeeInvis .     w - +6 dagger (venom)
rCold  + + .     Clarity  .     q - +2 robe {rC+ rF+}
rNeg   . . .     SustAb   .     (no shield)
rPois  .         Gourm    +     b - +0 hat
rElec  .         Spirit   .     m - +2 cloak
rCorr  .         Warding  .     N - +1 pair of gloves "Juedgheod" {Int+2}
rMut   .         Stasis   .     n - +0 pair of boots {Stlth+}
MR     +....                    l - amulet of the gourmand
Stlth  ++........               Q - ring of wizardry
                                L - ring of magical power

@: confused, lethally poisoned (0 -> -128), engulfed (cannot breathe), manticore
barbs, repel missiles, drained, somewhat resistant to hostile enchantments,
unstealthy
A: cold resistance 1, spit poison 1
a: Spit Poison, Channel Energy, Forget Spell, Renounce Religion


You were on level 4 of the Shoals.
You worshipped Sif Muna.
Sif Muna was exalted by your worship.
You were completely stuffed.

You visited 6 branches of the dungeon, and saw 33 of its levels.
You also visited: Sewer.

You collected 3319 gold pieces.
You spent 3142 gold pieces at shops.

Inventory:

Hand weapons
 w - a +6 dagger of venom (weapon)
 W - a +1 trident of flaming
Armour
 b - a +0 hat (worn)
 m - a +2 cloak (worn)
 n - a +0 pair of boots of stealth (worn)
 q - a +2 robe of resistance (worn)
 N - the +1 pair of gloves "Juedgheod" (worn) {Int+2}
   (You found it on level 2 of the Lair of Beasts)

   It affects your intelligence (+2).
Magical staves
 e - an uncursed staff of air
 E - an uncursed staff of poison
Jewellery
 h - an uncursed ring of protection from fire
 l - an amulet of the gourmand (around neck)
 K - an uncursed ring of stealth
 L - a ring of magical power (left hand)
 O - an uncursed ring of see invisible
 Q - a ring of wizardry (right hand)
 X - an uncursed ring of flight
 Z - an uncursed ring of ice
Magical devices
 c - a wand of cold (4)
 j - a wand of digging (6)
 z - a wand of fireball (9)
 A - a wand of teleportation (5)
 C - a wand of slowing (22)
 D - a wand of draining (5)
 M - a wand of cold (7)
 R - a wand of paralysis (7)
 T - a wand of disintegration (5)
 V - a wand of polymorph (14)
Scrolls
 g - 11 scrolls of remove curse
 i - 7 scrolls of teleportation
 r - 12 scrolls of identify
 v - 3 scrolls of immolation
 y - a scroll of summoning
 G - 2 scrolls of magic mapping
 P - 4 scrolls of blinking
 Y - a scroll of fog
Potions
 a - 2 potions of magic
 k - 4 potions of resistance
 p - 4 potions of haste
 s - 5 potions of restore abilities
 x - 2 potions of cancellation
 F - a potion of invisibility
 H - 8 potions of curing
 I - a potion of brilliance
 J - a potion of ambrosia
 U - 2 potions of cure mutation
Comestibles
 d - 9 bread rations
 o - 10 meat rations
 u - 7 fruits
 B - a beef jerky


   Skills:
 + Level 10.3(9.2) Fighting
 - Level 10.0(8.9) Dodging
 - Level 2.4(1.5) Stealth
 * Level 19.2(18.0) Spellcasting
 + Level 12.4(11.3) Conjurations
 - Level 7.0(6.0) Charms
   Level 2.8(1.9) Summonings
   Level 5.3(4.4) Necromancy
 - Level 7.1(6.1) Translocations
 - Level 3.1(2.2) Transmutations
 + Level 12.4(11.3) Fire Magic
 - Level 3.0(2.1) Air Magic
 * Level 5.2(4.3) Earth Magic
 - Level 5.0(4.1) Poison Magic
 - Level 10.0(9.0) Invocations
 - Level 9.1(8.1) Evocations


You had 2 spell levels left.
You knew the following spells:

 Your Spells              Type           Power        Failure   Level  Hunger
a - Magic Dart            Conj           ####         0%          1    None
b - Conjure Flame         Conj/Fire      #######.     1%          3    None
c - Iskenderun's Battles  Conj/Chrm      ######..     1%          5    None
d - Blink                 Tloc           N/A          1%          2    None
e - Poisonous Cloud       Conj/Pois/Air  ######....   9%          6    None
f - Repel Missiles        Chrm/Air       ######       1%          2    None
g - Passwall              Trmt/Erth      ######....   1%          3    None
h - Dazzling Spray        Conj/Hex       ######..     1%          3    None
i - Iskenderun's Mystic   Conj           #######.     1%          4    None
j - Swiftness             Chrm/Air       ######..     1%          2    None
k - Apportation           Tloc           ######....   1%          1    None
l - Lee's Rapid Deconstr  Erth           ######....   3%          5    None
v - Bolt of Fire          Conj/Fire      #######...   1%          6    None
x - Force Lance           Conj/Tloc      ######..     1%          4    None
z - Fireball              Conj/Fire      #######...   1%          5    None


Dungeon Overview and Level Annotations

Branches:
Dungeon (13/15)            Temple (1/1) D:4            Lair (8/8) D:10
 Shoals (5/5) Lair:6        Snake (0/5) Lair:6        Slime (0/6) Lair:8
    Orc (4/4) D:12            Elf (2/3) Orc:4
 Vaults: D:13-14

Altars:
Ashenzari
Cheibriados
Dithmenos
Elyvilon
Fedhas
Gozag
Kikubaaqudgha
Makhleb
Nemelex Xobeh
Okawaru
Qazlal
Ru
Sif Muna
Trog
Vehumet
Xom
Yredelemnul
Zin
The Shining One
Beogh
Jiyva

Shops:
D:4 ?   D:5 =   D:6 !*   D:10 **[%   Orc:4 [*?}   Shoals:2 =

Annotations:
D:6 1 runed door
Lair:8 1 runed door


Innate Abilities, Weirdness & Mutations

Your flesh is cold resistant.
You can spit poison.


Message History

The sea snake closely misses you.
The merfolk aquamancer closely misses you.
The water elemental barely misses you.
You hit the water elemental.
The water elemental is almost destroyed.
* * * LOW HITPOINT WARNING * * *
Your lungs strain for air!
* * * LOW HITPOINT WARNING * * *
You feel extremely sick. The sea snake closely misses you.
The merfolk aquamancer misses you. The water elemental closely misses you.
Evoke which item? (* to show all) (? for menu, Esc to quit)
Okay, then.
The barbs in your skin will harm you if you move.
Continue?
Okay, then.
Unknown command.
Drink which item? (? for menu, Esc to quit)
You are confused.
You feel invigorated.
You die...

≈≈≈≈≈≈.... ≈≈≈≈≈≈....
≈ ≈ ≈≈≈≈..... .≈≈≈
≈≈≈≈ ≈≈≈≈≈.... #...≈.
≈≈≈≈≈.≈≈≈≈≈.(.#
##.... ≈≈... .≈≈....#
...≈≈.# .≈.# ≈≈≈....
....≈≈.###...#
≈≈≈.... ≈≈≈≈
.....≈.S@...#
.≈≈..≈≈.
≈≈≈≈≈≈≈≈...≈≈≈≈mE.###
≈≈≈≈≈≈..
≈≈≈..≈≈...≈≈≈≈≈≈..#
≈≈≈≈..##
≈≈≈≈≈≈≈...≈≈≈≈≈≈..#
≈≈≈≈≈≈.##
≈≈≈≈≈≈≈....≈≈≈≈..##
..≈≈≈≈≈≈≈...
≈≈≈≈≈≈......≈≈≈.##
#..≈≈≈......
≈≈≈≈≈≈...≈≈≈≈≈.##
#....#####..
≈≈≈≈≈.###..≈≈≈..#
#.≈(.# ###
##≈....##...≈≈..##
##..≈.## #


You could see a sea snake, a merfolk aquamancer and a water elemental.

Vanquished Creatures
  A deep elf blademaster (Elf:2)
  Rupert (Shoals:2)
  The ghost of faibistes the Eclecticist, a mighty DEWz of Sif Muna (Shoals:2)
  An orc warlord (Elf:2)
  Maud (Shoals:1)
  2 deep elf sorcerers
  A deep elf demonologist (Elf:1)
  Snorg (Shoals:1)
  4 merfolk impalers
  9 hydras
  A fire dragon (Lair:8)
  A naga warrior (Lair:6)
  A centaur warrior (D:13)
  4 ogre magi (Orc:4)
  Erica (Orc:2)
  3 merfolk aquamancers
  An alligator snapping turtle (Shoals:2)
  A merfolk avatar (Shoals:1)
  12 dancing weapons (Elf:2)
  The ghost of faibistes the Thaumaturge, a powerful DEWz of Sif Muna (Lair:4)
  A satyr (Shoals:3)
  Urug (D:11)
  16 deep elf knights
  11 sea snakes
  4 deep elf summoners
  A hill giant (D:10)
  An unseen horror (D:12)
  Erolcha (Orc:4)
  A lindwurm (Lair:8)
  3 fauns (Shoals:3)
  4 harpies (Shoals:3)
  3 orc knights (Elf:2)
  8 deep elf conjurers
  10 griffons
  An orc sorcerer (Orc:3)
  13 manticores
  A wolf spider (shapeshifter) (Elf:1)
  2 ugly things (D:12)
  13 elephants
  3 cyclopes
  10 sirens
  9 black mambas
  6 water nymphs
  3 centaur zombies
  A gargoyle (D:12)
  18 spiny frogs
  7 torpor snails
  Psyche (Orc:4)
  5 centaur skeletons
  10 deep elf priests
  A fire drake (Lair:8)
  9 komodo dragons
  A polar bear (Lair:5)
  A polar bear (shapeshifter) (Elf:2)
  17 merfolk
  17 two-headed ogres
  9 snapping turtles
  4 trolls
  A wind drake (Shoals:1)
  Grinder (D:3)
  3 giant leeches (Lair:8)
  A raiju (shapeshifter) (Elf:2)
  4 basilisks
  17 blink frogs
  4 boulder beetles
  10 water elementals
  2 wyverns
  A trapdoor spider (shapeshifter) (Elf:2)
  21 deep elf magi
  Eustachio (Orc:2)
  13 deep elf fighters
  A hungry ghost (D:8)
  39 yaks
  4 nagas (Lair:6)
  3 mottled dragons (Lair:8)
  9 hippogriffs
  2 steam dragons
  Edmund (D:5)
  19 wolves
  4 wargs
  12 water moccasins
  9 porcupines
  A swamp drake (Lair:8)
  A phantom (D:4)
  4 sky beasts
  An eye of draining (D:11)
  5 ice beasts
  33 ogres
  13 centaurs
  21 orc warriors
  5 wasps
  2 big kobolds
  A boring beetle (Lair:8)
  3 brain worms (Lair:8)
  A gnoll sergeant (D:8)
  16 crocodiles
  21 giant frogs
  2 wyvern skeletons
  4 scorpions
  2 electric eels (D:9)
  15 killer bees
  9 goliath beetles
  A quasit (D:7)
  6 crimson imps
  4 jellies
  16 hounds
  31 orc priests
  43 orc wizards
  Natasha (twice) (D:4)
  16 iguanas
  8 hell rats
  A killer bee zombie (D:8)
  11 worker ants
  15 sheep
  A giant frog simulacrum (D:9)
  2 hound skeletons
  A mummy (D:7)
  3 worker ant zombies (D:5)
  5 gnolls
  34 river rats
  29 adders
  4 giant mites
  4 shadow imps
  16 white imps
  19 worms
  4 ufetubi (D:9)
  An adder zombie (D:6)
  An adder simulacrum (D:9)
  7 oozes
  231 orcs
  6 ball pythons
  18 bats
  A bat skeleton (D:4)
  7 giant cockroaches
  2 gnoll zombies (D:5)
  22 goblins
  24 hobgoblins
  13 jackals
  14 quokkas
  10 giant geckos
  6 giant newts
  A giant spore (D:12)
  2 jackal skeletons
  A jackal zombie (D:6)
  27 kobolds
  2 kobold zombies (D:6)
  A quokka skeleton (D:9)
  20 rats
  4 ballistomycetes (D:12)
  A fungus (Lair:7)
  6 plants
1321 creatures vanquished.

Vanquished Creatures (collateral kills)
  An orc wizard (D:2)
  Ijyb (D:5)
  A gnoll (D:2)
  A goblin (D:2)
  A quokka (D:4)
  3 jackals (D:1)
8 creatures vanquished.

Vanquished Creatures (others)
  An elephant (Lair:4)
  A yak (D:11)
  A crimson imp (D:2)
  An orc wizard (D:11)
  4 sheep (Lair:3)
  A shadow imp (D:9)
  A white imp (D:5)
  4 orcs
  2 giant spores
  A quokka skeleton (D:9)
  5 bushes (Lair:8)
  89 fungi
  76 plants
187 creatures vanquished.

Grand Total: 1516 creatures vanquished

Notes
Turn   | Place    | Note
--------------------------------------------------------------
     0 | D:1      | faibistes, the Deep Elf Wizard, began the quest for the Orb.
     0 | D:1      | Reached XP level 1. HP: 10/10 MP: 6/6
   271 | D:1      | Reached XP level 2. HP: 13/15 MP: 6/9
   279 | D:1      | Learned a level 2 spell: Blink
   282 | D:1      | Learned a level 2 spell: Call Imp
  1220 | D:1      | Reached skill level 5 in Spellcasting
  1271 | D:1      | Reached XP level 3. HP: 19/19 MP: 3/14
  1357 | D:1      | Learned a level 3 spell: Conjure Flame
  1361 | D:1      | Learned a level 3 spell: Mephitic Cloud
  1662 | D:3      | Noticed Grinder
  1714 | D:2      | Found a sacrificial altar of Ru.
  1715 | D:2      | Noticed an orc wizard
  1739 | D:2      | Killed an orc wizard
  2021 | D:3      | Reached XP level 4. HP: 24/24 MP: 13/17
  2049 | D:3      | Learned a level 2 spell: Repel Missiles
  2753 | D:3      | Reached skill level 6 in Spellcasting
  2940 | D:5      | Entered Level 5 of the Dungeon
  2956 | D:5      | Reached XP level 5. HP: 19/28 MP: 15/20
  3065 | D:5      | Noticed Ijyb
  3082 | D:5      | Killed Ijyb
  3220 | D:5      | Found a glowing drain.
  3228 | Sewer    | Entered a sewer
  3759 | Sewer    | Reached skill level 7 in Spellcasting
  3759 | Sewer    | Reached XP level 6. HP: 26/32 MP: 13/23
  4074 | D:5      | Noticed Edmund
  4154 | D:5      | Killed Edmund
  4374 | D:3      | Paralysed by Grinder for 3 turns
  4381 | D:3      | HP: 1/32 [Grinder/nerve-wracking pain (5)]
  4383 | D:3      | Killed Grinder
  4383 | D:3      | Reached skill level 8 in Spellcasting
  4383 | D:3      | Reached XP level 7. HP: 1/36 MP: 6/26
  4852 | D:3      | Found a glowing silver altar of Zin.
  4902 | D:3      | Reached skill level 5 in Dodging
  5045 | D:3      | Found a bloodstained altar of Trog.
  5080 | D:3      | Reached skill level 1 in Fighting
  5359 | D:4      | Reached skill level 1 in Evocations
  5532 | D:4      | Found a staircase to the Ecumenical Temple.
  5543 | Temple   | Entered the Ecumenical Temple
  5677 | D:4      | Got a pair of pitted boots
  5683 | D:4      | Identified the +0 pair of boots of the Cockatrice {rPois Str-5 Int+5} (You found it on level 4 of the Dungeon)
  5683 | D:4      | Lost strength.
  5864 | D:4      | Found Plaosos' Magic Scroll Shoppe.
  5935 | D:4      | Noticed Natasha
  5959 | D:4      | Reached skill level 9 in Spellcasting
  5964 | D:4      | Killed Natasha
  6313 | D:4      | Found a shattered altar of Ashenzari.
  6533 | D:4      | Noticed a phantom
  6552 | D:4      | Killed a phantom
  6552 | D:4      | Reached XP level 8. HP: 36/44 MP: 14/28
  6641 | D:4      | Noticed an air elemental
  6643 | D:4      | Found a stormy altar of Qazlal.
  6647 | D:4      | Noticed a water elemental
  6647 | D:4      | Noticed a fire elemental
  7680 | D:5      | Found Qoiplofo's Jewellery Shoppe.
  8523 | D:5      | Found a basalt altar of Yredelemnul.
  8799 | D:6      | Found Umuasono's Distillery.
  8804 | D:6      | Bought a potion of curing for 30 gold pieces
  8804 | D:6      | Bought a potion of heal wounds for 50 gold pieces
  8804 | D:6      | Bought a potion of curing for 30 gold pieces
  8911 | D:6      | Found a runed door.
  9083 | D:6      | Found a basalt altar of Yredelemnul.
  9186 | D:6      | Found a snail-covered altar of Cheibriados.
  9334 | D:6      | Found a blossoming altar of Fedhas.
  9340 | D:6      | Reached skill level 10 in Spellcasting
  9419 | D:6      | Found Pra Wugau's Assorted Antiques.
  9431 | D:6      | Bought a scroll labeled JUNON GUNWEE for 31 gold pieces
  9710 | D:6      | Found a radiant altar of Vehumet.
 10450 | D:7      | Reached XP level 9. HP: 44/52 MP: 27/30
 11037 | D:8      | Reached skill level 11 in Spellcasting
 12219 | D:7      | Reached skill level 5 in Fighting
 13440 | D:9      | Reached skill level 12 in Spellcasting
 13454 | D:9      | Reached skill level 5 in Evocations
 13464 | D:9      | Reached XP level 10. HP: 45/60 MP: 2/33
 15368 | D:9      | Reached skill level 13 in Spellcasting
 15539 | D:10     | Entered Level 10 of the Dungeon
 16922 | D:9      | Found a sparkling altar of Nemelex Xobeh.
 16926 | D:9      | Found a shadowy altar of Dithmenos.
 16926 | D:9      | Found a deep blue altar of Sif Muna.
 16935 | D:9      | Became a worshipper of Sif Muna the Loreminder
 16961 | D:9      | Found a white marble altar of Elyvilon.
 16966 | D:9      | Found an ancient bone altar of Kikubaaqudgha.
 17198 | D:9      | Reached XP level 11. HP: 41/67 MP: 24/34
 17654 | D:9      | Reached skill level 1 in Air Magic
 18058 | D:9      | Reached skill level 1 in Fire Magic
 18443 | D:10     | Found a staircase to the Lair.
 18456 | D:10     | Reached skill level 1 in Poison Magic
 18523 | D:10     | Found Fofyth's Antique Armour Shoppe.
 18749 | D:10     | Found Mneabb's Assorted Antiques.
 18757 | D:10     | Bought a potion of curing for 60 gold pieces
 18757 | D:10     | Bought 2 viscous blue potions for 36 gold pieces
 19040 | D:10     | Noticed a hill giant
 19199 | D:10     | Killed a hill giant
 19199 | D:10     | Acquired Sif Muna's first power
 19298 | D:10     | Found Plog's Food Shoppe.
 19710 | D:10     | Found Ducac's Assorted Antiques.
 19717 | D:10     | Bought a tourmaline ring for 180 gold pieces
 19833 | Lair:1   | Entered Level 1 of the Lair of Beasts
 19913 | Lair:1   | Learned a level 5 spell: Bolt of Draining
 19938 | Lair:1   | Reached skill level 5 in Conjurations
 20160 | Lair:2   | Got a pair of crude gloves
 20171 | Lair:2   | Identified the +1 pair of gloves "Juedgheod" {Int+2} (You found it on level 2 of the Lair of Beasts)
 20213 | Lair:2   | Reached skill level 1 in Necromancy
 20442 | Lair:1   | Acquired Sif Muna's second power
 21803 | Lair:2   | Reached skill level 14 in Spellcasting
 21823 | Lair:2   | Reached skill level 1 in Charms
 21939 | Lair:2   | Reached skill level 1 in Invocations
 22281 | Lair:2   | Noticed a five-headed hydra
 22296 | Lair:2   | Killed a five-headed hydra
 23207 | Lair:2   | Reached XP level 12. HP: 47/72 MP: 23/36
 24121 | Lair:3   | Found a shimmering altar of Xom.
 25094 | Lair:4   | Noticed faibistes' ghost (powerful DEWz)
 25312 | Lair:4   | Got a warped silver ring
 25315 | Lair:4   | Identified the ring of Balance {+Fly rF- rC- Dex+5 SInv Stlth+} (You found it on level 4 of the Lair of Beasts)
 25716 | Lair:4   | Reached skill level 5 in Translocations
 26440 | Lair:4   | Killed faibistes' ghost
 27102 | D:6      | Bought a hardcover book for 465 gold pieces
 27683 | Lair:5   | Noticed a six-headed hydra
 27690 | Lair:5   | Killed a six-headed hydra
 27889 | Lair:4   | Acquired Sif Muna's third power
 28112 | Lair:6   | Reached skill level 5 in Necromancy
 28112 | Lair:6   | Reached skill level 5 in Fire Magic
 29444 | Lair:5   | Noticed a four-headed hydra
 29452 | Lair:5   | Killed a four-headed hydra
 29890 | Lair:6   | Noticed a naga warrior
 29910 | Lair:6   | Killed a naga warrior
 30100 | Lair:6   | Found a staircase to the Snake Pit.
 30521 | D:4      | Bought a scroll of identify for 20 gold pieces
 30714 | D:10     | Bought a scroll of identify for 72 gold pieces
 31253 | Lair:6   | Found a staircase to the Shoals.
 31340 | Lair:6   | Reached XP level 13. HP: 78/78 MP: 28/37
 31442 | Lair:6   | Reached skill level 5 in Invocations
 31815 | Lair:6   | Reached skill level 15 in Spellcasting
 32286 | Lair:6   | Reached skill level 10 in Dodging
 32679 | Lair:7   | Gained mutation: You can spit poison. [potion of beneficial mutation]
 33092 | Lair:7   | You fall through a shaft!
 33092 | Lair:8   | Entered Level 8 of the Lair of Beasts
 33777 | Lair:4   | Reached skill level 5 in Charms
 34327 | Lair:7   | Learned a level 4 spell: Iskenderun's Mystic Blast
 34333 | Lair:7   | Learned a level 5 spell: Iskenderun's Battlesphere
 34337 | Lair:7   | Learned a level 3 spell: Dazzling Spray
 34375 | Lair:7   | Noticed a six-headed hydra
 34395 | Lair:7   | Killed a six-headed hydra
 35786 | Lair:8   | Found a runed door.
 36060 | Lair:8   | Received a gift from Sif Muna
 36061 | Lair:8   | Identified Sif Muna's Catalogue of Attacks and Poison (Sif Muna gifted it to you on level 8 of the Lair of Beasts)
 37178 | Lair:8   | Found a viscous altar of Jiyva.
 37178 | Lair:8   | Found a staircase to the Slime Pits.
 37433 | Lair:8   | Reached XP level 14. HP: 15/84 MP: 11/38
 38795 | Lair:8   | Reached skill level 16 in Spellcasting
 40290 | D:12     | Found a shattered altar of Ashenzari.
 40477 | D:11     | Received a gift from Sif Muna
 40478 | D:11     | Identified Sif Muna's Incunabulum of Virous Battle Magic (Sif Muna gifted it to you on level 11 of the Dungeon)
 40486 | D:11     | Learned a level 6 spell: Bolt of Fire
 41055 | D:11     | Noticed Urug
 41064 | D:11     | Killed Urug
 41943 | Lair:2   | Learned a level 6 spell: Poisonous Cloud
 43358 | D:12     | Found a staircase to the Orcish Mines.
 43638 | Orc:1    | Entered Level 1 of the Orcish Mines
 43855 | Orc:4    | Entered Level 4 of the Orcish Mines
 43855 | Orc:4    | Noticed Psyche
 43857 | Orc:4    | Killed Psyche
 43976 | Orc:2    | Noticed Eustachio
 43977 | Orc:2    | Killed Eustachio
 44329 | Orc:2    | Noticed Erica
 44336 | Orc:2    | Killed Erica
 44855 | Orc:1    | Found a deep blue altar of Sif Muna.
 45632 | Orc:2    | You fall through a shaft for 2 floors!
 45948 | Orc:3    | Found a bloodstained altar of Trog.
 46731 | Orc:3    | Found a roughly hewn altar of Beogh.
 47001 | Orc:4    | Found a staircase to the Elven Halls.
 47649 | Orc:4    | Reached XP level 15. HP: 90/90 MP: 33/40
 48063 | Orc:4    | Noticed Erolcha
 48067 | Orc:4    | Killed Erolcha
 48174 | Orc:4    | Found Zadyirgh's Gadget Boutique.
 48174 | Orc:4    | Found Nolaom's General Store.
 48175 | Orc:4    | Found Umiekh's Magic Scroll Shoppe.
 48175 | Orc:4    | Found Smouty's Armour Shop.
 48265 | Orc:4    | Bought a scroll of blinking for 97 gold pieces
 48954 | D:4      | Bought a scroll of acquirement for 520 gold pieces
 48954 | D:4      | Bought a scroll of enchant weapon for 75 gold pieces
 48954 | D:4      | Bought a scroll of enchant weapon for 75 gold pieces
 48957 | D:4      | Identified Qokikh's Collected Works on Translocation and Talismans (You acquired it on level 4 of the Dungeon)
 48961 | D:4      | Learned a level 2 spell: Shroud of Golubria
 48982 | D:4      | Noticed Natasha
 48983 | D:4      | Killed Natasha
 49236 | Elf:1    | Entered Level 1 of the Elven Halls
 49481 | Elf:2    | Reached skill level 10 in Conjurations
 49857 | Orc:4    | Bought a scroll of acquirement for 676 gold pieces
 49862 | Orc:4    | Identified Ereshkigal's Compendium of Conjuration (You acquired it on level 4 of the Orcish Mines)
 49976 | D:10     | Learned a level 1 spell: Apportation
 50054 | Lair:2   | Learned a level 4 spell: Force Lance
 50302 | D:5      | Bought an uncursed amulet of the gourmand for 390 gold pieces
 50817 | Elf:1    | Received a gift from Sif Muna
 50818 | Elf:1    | Identified Sif Muna's Volume of Combat Magic (Sif Muna gifted it to you on level 1 of the Elven Halls)
 51136 | D:4      | Noticed an ogre
 51138 | D:4      | Killed an ogre
 51153 | D:4      | Bought a scroll of amnesia for 35 gold pieces
 51160 | D:4      | Learned a level 5 spell: Fireball
 51825 | Elf:1    | Reached skill level 17 in Spellcasting
 52513 | Elf:1    | Reached skill level 10 in Fire Magic
 52513 | Elf:1    | Reached skill level 5 in Poison Magic
 53583 | Elf:2    | Reached skill level 10 in Invocations
 53955 | Elf:2    | Found a roughly hewn altar of Beogh.
 54013 | Elf:2    | Found a runed gate.
 54062 | Elf:2    | Found a runed gate.
 54063 | Elf:2    | Found a runed gate.
 54196 | Elf:2    | Noticed a deep elf blademaster
 54216 | Elf:2    | Killed a deep elf blademaster
 54654 | Elf:2    | Received a gift from Sif Muna
 54670 | Elf:2    | Identified Xedom's Catalogue of the Escort (Sif Muna gifted it to you on level 2 of the Elven Halls)
 54852 | Elf:2    | Reached XP level 16. HP: 92/96 MP: 26/41
 54866 | Elf:2    | Reached skill level 18 in Spellcasting
 55869 | Shoals:1 | Entered Level 1 of the Shoals
 55991 | Shoals:1 | Noticed Maud
 56120 | Shoals:1 | Killed Maud
 56338 | Shoals:2 | Noticed faibistes' ghost (mighty DEWz)
 56959 | Shoals:2 | Killed faibistes' ghost
 57138 | Shoals:2 | Found Ygaysew's Jewellery Boutique.
 57358 | Shoals:2 | Learned a level 5 spell: Lee's Rapid Deconstruction
 57880 | Shoals:2 | Reached skill level 1 in Earth Magic
 58004 | Shoals:1 | Noticed Snorg
 58012 | Shoals:1 | Killed Snorg
 58019 | Shoals:1 | Reached skill level 10 in Fighting
 58274 | Shoals:2 | Noticed Rupert
 58279 | Shoals:2 | Killed Rupert
 58279 | Shoals:2 | Received a gift from Sif Muna
 58284 | Shoals:2 | Identified Iskenderun's Tome of Conjuration and Heat (Sif Muna gifted it to you on level 2 of the Shoals)
 58479 | Shoals:2 | Bought an uncursed ring of magical power for 300 gold pieces
 58649 | Lair:2   | Learned a level 3 spell: Passwall
 58652 | Lair:2   | Learned a level 2 spell: Swiftness
 59426 | Shoals:2 | Reached skill level 1 in Transmutations
 61361 | Shoals:3 | Reached skill level 19 in Spellcasting
 62359 | Shoals:3 | Reached XP level 17. HP: 102/102 MP: 42/42
 62364 | Shoals:3 | Reached skill level 5 in Earth Magic
 62825 | Shoals:5 | Entered Level 5 of the Shoals
 62849 | Shoals:4 | Gained mutation: Your flesh is cold resistant. [potion of beneficial mutation]
 62916 | Shoals:4 | HP: 4/102 [sea snake (4)]
 62919 | Shoals:4 | Drowned by a water elemental

Action                   |  1- 3 |  4- 6 |  7- 9 | 10-12 | 13-15 | 16-18 || total
-------------------------+-------+-------+-------+-------+-------+-------++-------
Melee: Dagger            |     1 |    25 |    34 |   368 |   631 |     4 ||  1063
       Morningstar       |       |       |    39 |    19 |       |       ||    58
 Cast: Magic Dart        |    98 |   135 |   532 |   868 |   289 |    53 ||  1975
       Call Imp          |     4 |     9 |     2 |     1 |       |       ||    16
       Mephitic Cloud    |     1 |     9 |    33 |    63 |    15 |       ||   121
       Conjure Flame     |       |     6 |    48 |   101 |    59 |       ||   214
       Repel Missiles    |       |     1 |     2 |     3 |     2 |     2 ||    10
       Blink             |       |       |    11 |    32 |    20 |     6 ||    69
       Bolt of Draining  |       |       |       |    65 |   105 |       ||   170
       Iskenderun's Myst |       |       |       |       |    96 |    10 ||   106
       Iskenderun's Batt |       |       |       |       |    59 |    34 ||    93
       Bolt of Fire      |       |       |       |       |   184 |    78 ||   262
       Poisonous Cloud   |       |       |       |       |    31 |    18 ||    49
       Dazzling Spray    |       |       |       |       |     1 |       ||     1
       Fireball          |       |       |       |       |    43 |    95 ||   138
       Force Lance       |       |       |       |       |    19 |    51 ||    70
       Shroud of Golubri |       |       |       |       |     2 |       ||     2
       Apportation       |       |       |       |       |     1 |       ||     1
       Swiftness         |       |       |       |       |       |     2 ||     2
       Lee's Rapid Decon |       |       |       |       |       |     2 ||     2
Invok: Channel Energy    |       |       |       |    16 |    82 |    64 ||   162
Evoke: Wand              |       |       |       |    10 |     1 |       ||    11
  Use: Scroll            |     1 |     2 |    17 |    15 |    16 |     7 ||    58
       Potion            |       |     1 |       |     4 |    10 |     6 ||    21
 Stab: Paralysed         |     1 |       |       |     9 |       |       ||    10
       Confused          |       |     2 |     1 |     8 |     2 |       ||    13
       Sleeping          |       |     1 |       |     2 |     5 |       ||     8
  Eat: Chunk             |     3 |     7 |    28 |    47 |    88 |    35 ||   208
       Fruit             |       |       |       |    10 |     6 |       ||    16
       Beef jerky        |       |       |       |     1 |     3 |       ||     4
       Royal jelly       |       |       |       |       |       |     1 ||     1
